Map: [TLMC15] Glittering Ashes

Players

Rogue - Winner!

  • Race: Zerg Zerg

SpeCial

  • Race: Terran Terran

Event: DreamHack SC2 Masters 2021 Winter

VOD

Have the link to the VOD?

Description

Time

  • Played on: Nov. 11, 2021, 12:23 p.m.
  • Length: 14:43

All games in this series

Show
View Real Time Build Order
Export as new Build Order

Rogue Zerg - Winner!

Build Orders: Hatch First 

Get SALT Encoding   

  12  0:00  Drone  
  13  0:13  Overlord  
  13  0:17  Drone  
  14  0:32  Drone x2  
  16  0:48  Hatchery  
  15  0:51  Drone  
  15  0:55  Drone  
  17  0:58  Drone  
  18  1:09  Extractor  
  17  1:13  Spawning Pool  
  17  1:15  Drone  
  17  1:19  Drone  
  18  1:28  Drone  
  19  1:39  Drone  
  20  1:50  Drone  
  21  1:59  Queen  
  21  2:00  Zergling x2, Queen  
  26  2:01  Zergling x2  
  27  2:13  Zergling x2, Overlord  
  28  2:22  Hatchery  
  27  2:26  Drone  
  28  2:32  Drone  
  28  2:36  Queen  
  31  2:40  Metabolic Boost  
  31  2:46  Overlord  
  31  2:49  Drone  
  31  2:50  Drone  
  33  2:57  Zergling x4  
  35  3:02  Spore Crawler  
  34  3:07  Drone x2  
  34  3:08  Drone  
  34  3:12  Drone x2  
  40  3:18  Drone  
  40  3:19  Queen  
  43  3:24  Overlord  
  43  3:26  Drone  
  44  3:34  Queen  
  44  3:36  Overlord  
  46  3:41  Drone  
  46  3:42  Drone x2  
  46  3:44  Drone  
  50  3:51  Drone x3  
  53  3:56  Queen  
  53  3:58  Queen  
  53  4:02  Drone x2  
  59  4:07  Drone x2  
  61  4:11  Queen  
  61  4:16  Overlord  
  62  4:18  Drone x3  
  62  4:21  Overlord  
  65  4:29  Overlord  
  65  4:34  Queen, Evolution Chamber  
  65  4:35  Evolution Chamber  
  65  4:36  Drone x2  
  67  4:39  Drone x3  
  67  4:40  Drone  
  67  4:43  Drone x2  
  67  4:44  Extractor  
  72  4:49  Drone  
  72  4:50  Drone x4  
  77  4:56  Zergling x6  
  80  5:02  Zerg Ground Armor Level 1, Overlord  
  80  5:08  Drone x4  
  80  5:11  Queen, Spore Crawler  
  85  5:14  Spore Crawler  
  85  5:16  Spore Crawler, Zerg Melee Weapons Level 1  
  83  5:22  Queen  
  83  5:27  Zergling x2  
  83  5:28  Zergling x12  
  92  5:30  Drone x2  
  92  5:32  Extractor  
  92  5:34  Lair  
  93  5:36  Drone  
  93  5:39  Overlord  
  93  5:42  Drone  
  95  5:45  Zergling x2  
  95  5:46  Zergling x4  
  95  5:47  Overlord  
  97  5:50  Extractor  
  97  5:51  Roach Warren  
  95  5:57  Hatchery  
  95  6:00  Extractor  
  95  6:03  Zergling x2  
  95  6:04  Overlord  
  94  6:05  Overlord  
  94  6:07  Zergling x12  
  94  6:11  Overlord  
  100  6:16  Queen  
  100  6:17  Queen  
  104  6:20  Zergling x2  
  104  6:24  Drone  
  103  6:28  Drone x6  
  104  6:35  Drone  
  104  6:36  Drone  
  106  6:42  Drone x2  
  106  6:44  Drone x6  
  107  6:48  Drone  
  107  6:50  Drone  
  109  6:58  Spire  
  109  7:01  Drone x3  
  106  7:11  Drone  
  106  7:12  Drone x2  
  106  7:13  Extractor  
  104  7:19  Hatchery  
  104  7:20  Zerg Ground Armor Level 2  
  104  7:21  Zerg Melee Weapons Level 2  
  99  7:23  Zergling x6  
  99  7:27  Drone x7  
  99  7:28  Drone x3  
  99  7:29  Zergling x2  
  110  7:32  Zergling x4  
  111  7:39  Drone  
  111  7:43  Drone x3  
  115  7:45  Extractor  
  115  7:46  Zergling x2  
  115  7:47  Extractor  
  115  7:51  Zergling x2  
  115  7:56  Zergling x6  
  115  7:57  Zergling x6  
  121  8:02  Zergling x2, Baneling Nest  
  121  8:03  Overseer, Zergling x6  
  121  8:04  Hatchery  
  123  8:07  Overseer  
  123  8:08  Drone x2  
  123  8:10  Overlord x2  
  125  8:17  Zerg Flyer Weapons Level 1  
  125  8:20  Hatchery, Overlord  
  123  8:27  Mutalisk x6  
  123  8:28  Mutalisk  
  123  8:33  Mutalisk x2  
  140  8:45  Mutalisk  
  140  8:46  Mutalisk x3  
  148  8:48  Drone  
  148  8:49  Drone x5  
  152  8:57  Extractor  
  152  8:58  Mutalisk x3  
  152  9:01  Drone, Extractor  
  152  9:02  Drone x5  
  162  9:04  Overlord  
  162  9:07  Drone x3  
  165  9:10  Overlord  
  165  9:14  Mutalisk  
  165  9:16  Overlord x2  
  165  9:19  Overlord  
  165  9:24  Centrifugal Hooks  
  165  9:27  Infestation Pit  
  165  9:28  Drone x6  
  165  9:29  Drone  
  171  9:33  Mutalisk x3  
  171  9:38  Mutalisk x2  
  177  9:42  Zergling x12  
  185  9:51  Mutalisk x3  
  184  9:53  Zergling x2  
  184  9:54  Zergling x18  
  194  10:05  Hive  
  194  10:11  Zerg Flyer Armor Level 1  
  194  10:13  Pneumatized Carapace, Hatchery  
  193  10:14  Zergling x2  
  193  10:15  Zergling x10  
  199  10:32  Overseer x3  
  199  10:38  Baneling x2  
  199  10:39  Baneling x21  
  199  10:42  Overlord  
  197  10:52  Zergling x2  
  197  10:56  Mutalisk  
  197  10:57  Mutalisk x4  
  190  11:11  Mutalisk x4  
  183  11:17  Zergling x4  
  185  11:19  Zergling x22  
  185  11:21  Zergling x2  
  185  11:23  Zergling x6  
  200  11:28  Ultralisk Cavern  
  199  11:33  Zergling x2  
  200  11:45  Extractor  
  199  11:48  Zergling x2  
  199  11:49  Extractor  
  199  11:52  Baneling x16  
  199  11:53  Zerg Ground Armor Level 3  
  199  11:54  Zerg Melee Weapons Level 3  
  199  11:55  Adrenal Glands  
  199  11:56  Baneling  
  199  11:57  Zergling x2  
  199  12:01  Zergling x2  
  191  12:09  Zergling x8  
  195  12:18  Drone  
  195  12:19  Drone x4, Hatchery  
  195  12:20  Baneling  
  195  12:21  Baneling x26  
  199  12:25  Baneling x2, Zergling x2  
  199  12:26  Baneling  
  199  12:27  Baneling  
  200  12:32  Zergling x2  
  200  12:33  Baneling x4  
  197  12:38  Zergling x6  
  197  12:39  Zergling x2  
  192  12:44  Zergling x4  
  192  12:45  Zergling x12  
  185  12:51  Zergling x2  
  185  12:52  Zergling x26  
  185  12:56  Chitinous Plating  
  199  13:03  Zergling x2  
  196  13:07  Baneling  
  196  13:08  Baneling x12  
  196  13:11  Zergling x2  
  193  13:17  Baneling x7  
  193  13:18  Baneling x16  
  193  13:24  Zergling x6  
  170  13:29  Zergling x14  
  170  13:30  Zergling x10, Corruptor x4  
  164  13:34  Corruptor  
  164  13:35  Queen x5  
  164  13:39  Corruptor x2  
  160  13:43  Zergling x2  
  160  13:44  Corruptor  
  160  13:47  Zergling x42  
  160  13:48  Zergling x26  
  191  13:53  Baneling  
  191  13:54  Baneling x10  
  191  13:57  Corruptor  
  191  14:01  Zergling x8  
  192  14:03  Zergling x12  
  192  14:05  Zergling x2  
  192  14:08  Zergling x2  
  193  14:10  Baneling  
  193  14:11  Baneling x10, Zergling x6  
  193  14:12  Zergling x6  
  199  14:21  Baneling x13  
  199  14:22  Baneling x8  
Show
View Real Time Build Order
Export as new Build Order

SpeCial Terran 

Build Orders: Mech 

Get SALT Encoding   

  12  0:00  SCV  
  13  0:12  SCV  
  14  0:18  Supply Depot  
  14  0:24  SCV  
  15  0:39  SCV  
  15  0:40  Barracks  
  16  0:44  Refinery  
  16  0:52  SCV  
  17  1:00  Barracks  
  17  1:04  SCV  
  18  1:16  SCV  
  19  1:27  Reaper  
  19  1:28  Orbital Command  
  20  1:47  Reaper  
  20  1:48  Supply Depot  
  21  1:54  SCV  
  22  2:03  Reaper  
  23  2:09  SCV  
  23  2:12  Command Center  
  24  2:19  Marine  
  24  2:21  SCV  
  26  2:24  Refinery  
  26  2:34  SCV  
  27  2:46  Factory, SCV  
  28  2:56  Barracks Reactor  
  28  2:58  SCV  
  28  3:07  Command Center  
  28  3:10  SCV  
  29  3:16  Marine  
  30  3:22  SCV  
  30  3:25  Orbital Command  
  31  3:33  Starport  
  31  3:36  Marine  
  31  3:37  SCV  
  31  3:40  Hellion  
  31  3:41  Hellion  
  37  3:49  SCV  
  37  3:50  SCV  
  39  4:01  SCV  
  39  4:02  Hellion x2, SCV  
  45  4:11  Starport Tech Lab  
  45  4:12  Fusion Core  
  45  4:14  SCV  
  46  4:19  SCV  
  46  4:21  Orbital Command  
  51  4:24  Hellion x2  
  51  4:26  SCV  
  55  4:31  Supply Depot  
  55  4:33  SCV  
  55  4:38  SCV  
  57  4:43  Orbital Command  
  57  4:45  SCV  
  55  4:46  Hellion x2  
  55  4:50  SCV  
  60  4:53  Marine x2  
  60  4:54  Supply Depot  
  60  4:57  SCV  
  69  5:00  Battlecruiser  
  69  5:03  Armory  
  69  5:16  Hellion x2, SCV x3  
  69  5:18  Supply Depot  
  76  5:25  Refinery  
  76  5:26  Refinery  
  76  5:28  SCV  
  77  5:32  Supply Depot  
  77  5:39  Hellion x2, SCV x2  
  77  5:40  SCV  
  77  5:41  Supply Depot  
  84  5:51  SCV  
  84  5:52  Terran Vehicle Weapons Level 1  
  84  5:54  SCV x2  
  87  5:57  Supply Depot  
  87  5:58  Factory  
  87  5:59  Factory  
  87  6:03  Hellion x2, SCV  
  92  6:06  SCV x2  
  94  6:12  Hellion x4  
  94  6:15  SCV  
  94  6:18  SCV  
  93  6:29  Hellion x2  
  84  6:34  SCV x2  
  84  6:37  SCV  
  84  6:46  SCV  
  79  6:50  Hellion x2  
  79  6:52  SCV, Battlecruiser  
  79  6:53  SCV  
  87  6:59  SCV  
  87  7:00  Factory Tech Lab x2  
  86  7:04  SCV  
  86  7:05  Supply Depot, SCV  
  87  7:11  SCV  
  87  7:12  Hellion x2  
  83  7:20  SCV x2  
  83  7:21  Hellion x2  
  81  7:23  SCV  
  78  7:32  SCV  
  78  7:36  Armory  
  76  7:37  Weapon Refit  
  76  7:38  SCV x2  
  76  7:40  Hellion x2  
  82  7:44  SCV  
  82  7:48  Supply Depot  
  82  7:50  Supply Depot, SCV x2  
  85  7:53  Siege Tank, Thor  
  85  7:56  SCV  
  85  7:57  Refinery x2  
  95  8:01  Supply Depot  
  95  8:02  SCV x2  
  95  8:04  Terran Vehicle Weapons Level 2  
  97  8:08  SCV  
  98  8:14  SCV x2  
  100  8:20  SCV  
  100  8:21  Hellion x2, Battlecruiser  
  100  8:26  SCV x2  
  113  8:33  SCV, Terran Vehicle And Ship Armor Level 1  
  113  8:38  SCV x2  
  113  8:39  Supply Depot, Engineering Bay  
  113  8:41  Siege Tank  
  118  8:42  Siege Tank  
  118  8:45  SCV  
  118  8:47  Supply Depot  
  122  8:49  Supply Depot  
  122  8:51  SCV x2  
  122  8:52  Command Center  
  124  8:59  Hellion x2  
  124  9:01  Factory, SCV  
  124  9:02  Factory  
  129  9:03  SCV  
  129  9:08  Supply Depot  
  130  9:10  Supply Depot x2  
  130  9:13  Supply Depot  
  130  9:14  SCV x2  
  132  9:18  Siege Tank x2  
  132  9:20  Hellion x2  
  132  9:23  Supply Depot  
  142  9:25  Supply Depot  
  142  9:27  Missile Turret  
  142  9:29  Missile Turret  
  141  9:33  SCV x2  
  141  9:38  Missile Turret  
  140  9:42  Hellion  
  140  9:43  Hellion, SCV  
  135  9:45  SCV  
  135  9:46  SCV  
  130  9:54  Battlecruiser  
  130  9:55  SCV  
  130  9:58  SCV x2  
  139  10:00  Factory Reactor, Factory Tech Lab  
  139  10:03  Hellion, Missile Turret  
  139  10:06  Hellion  
  143  10:07  SCV  
  143  10:08  Thor  
  143  10:10  SCV  
  151  10:17  Thor  
  151  10:19  SCV x2  
  159  10:26  Missile Turret  
  159  10:30  Factory  
  159  10:33  Factory  
  159  10:38  Thor  
  159  10:41  Missile Turret  
  165  10:43  Terran Vehicle And Ship Armor Level 2  
  165  10:47  Planetary Fortress  
  165  10:50  SCV x2  
  165  10:54  SCV  
  165  11:01  Thor  
  165  11:02  SCV x2  
  164  11:07  SCV  
  164  11:09  Missile Turret  
  153  11:14  SCV  
  153  11:15  Thor  
  153  11:16  SCV  
  144  11:19  SCV  
  144  11:23  Hellion x2  
  147  11:29  SCV  
  147  11:32  SCV x2  
  150  11:34  SCV  
  151  11:41  SCV  
  151  11:42  Factory Tech Lab x2  
  152  11:48  Missile Turret  
  152  11:53  Infernal Pre-Igniter  
  152  11:57  SCV  
  152  12:00  Thor  
  159  12:03  SCV x2  
  159  12:07  SCV  
  158  12:13  SCV  
  161  12:15  SCV, Hellbat  
  162  12:25  SCV x3  
  165  12:36  Thor x2  
  169  12:46  SCV  
  138  12:53  Thor  
  138  12:56  Thor  
  140  13:10  Thor  
  146  13:25  Thor  
  140  13:28  Hellion  
  140  13:31  SCV  
  131  13:38  Hellion  
  119  13:44  Hellion  
  119  13:46  Hellion  
  117  13:54  Raven  
  111  14:04  SCV x3  
  111  14:07  Hellion x2  
  118  14:12  Hellion  
  120  14:20  SCV  

Tags
 
Add a new tag
Caveats
  • Supply blocks, unpowered buildings, or Contaminate may cause inaccurate times.
  • Supply counts are checked every 10 seconds.